 Dungeon Sprint DCSS version 0.20.1-1-g8b1a95d (webtiles) character file.

2761 groucho the Minotaur Aeon (level 9, 0/89 HPs)
             Began as a Minotaur Fighter on Nov 24, 2017.
             Was the Champion of Cheibriados.
             Killed by vampiric draining
             ... invoked by a vampire knight
              (13 damage)
             ... in the Dungeon (Sprint VII: "The Pits").
             The game lasted 00:04:57 (754 turns).

groucho the Minotaur Aeon (Minotaur Fighter)         Turns: 754, Time: 00:04:57

Health: 0/89       AC: 17    Str: 38    XL:     9   Next: 42%
Magic:  12/17      EV:  8    Int: 23    God:    Cheibriados [******]
Gold:   0          SH: 16    Dex: 29    Spells: 8/8 levels left

rFire    . . .     SeeInvis .   l - +1 broad axe (chop)
rCold    . . .     Gourm    .   c - +0 shield
rNeg     . . .     Faith    .   v - +4 chain mail
rPois    .         Spirit   .   (helmet restricted)
rElec    .         Reflect  .   m - +0 cloak
rCorr    .         Harm     .   (no gloves)
MR       .....     NoTele   +   (no boots)
Stlth    ..........             (no amulet)
Regen    0.3/turn               b - +3 ring of intelligence
MPRegen  0.2/turn               t - +3 ring of strength

@: very slow
A: retaliatory headbutt, horns 2
a: Bend Time, Temporal Distortion, Slouch, Step From Time, Renounce Religion


You were in the Dungeon.
You worshipped Cheibriados.
Cheibriados was exalted by your worship.
You were not hungry.

You visited 1 branch

Inventory:

Hand Weapons
 l - a +1 broad axe of chopping (weapon)
 w - a +2 morningstar of crushing
Armour
 c - a +0 shield (worn)
 m - a +0 cloak (worn)
 v - a +4 chain mail (worn)
Jewellery
 b - a +3 ring of intelligence (left hand)
 t - a +3 ring of strength (right hand)
Scrolls
 k - a scroll of blinking
 n - 3 scrolls of remove curse
 o - 5 scrolls of amnesia
 p - a scroll of summoning
Potions
 a - 2 potions of invisibility
 d - a potion of might
 e - 7 potions of curing
 g - 10 potions of heal wounds
 h - a potion of haste
 i - 4 potions of magic
 j - 4 potions of berserk rage
 u - 2 potions of brilliance
Comestibles
 f - 8 bread rations
 q - 40 fruits
 r - 7 meat rations


   Skills:
 + Level 11.2 Fighting
 + Level 10.2 Axes
 + Level 11.2 Armour
 + Level 11.2 Shields
 - Level 12.8 Invocations


You had 8 spell levels left.
You didn't know any spells.

Dungeon Overview and Level Annotations

Branches:
Dungeon (1/1)

Altars:
Ashenzari
Cheibriados
Dithmenos
Elyvilon
Fedhas
Gozag
Hepliaklqana
Kikubaaqudgha
Makhleb
Nemelex Xobeh
Okawaru
Qazlal
Ru
Sif Muna
Trog
Uskayaw
Vehumet
Xom
Yredelemnul
Zin
The Shining One
Beogh
Jiyva
Lugonu


Innate Abilities, Weirdness & Mutations

You reflexively headbutt those who attack you in melee.
You have a pair of horns on your head.


Message History

Something bites you.
Something draws strength from your injuries!
You closely miss something. You headbutt something.
Something hits you but does no damage. Something bites you but does no damage.
You hit something but do no damage. You headbutt something.
Something hits you!!
* * * LOW HITPOINT WARNING * * *
You block something's attack. Something hits you but does no damage.
Something bites you but does no damage.
You hear a screech!
You hit something. Something hits you but does no damage.
Something bites you but does no damage.
You miss something. Something hits you!
* * * LOW HITPOINT WARNING * * *
You block something's attack.
Unknown command.
You can feel time thicken for a moment.
You feel somewhat more hungry. You block something's attack.
Something bites you but does no damage.
Unholy energy fills the air.
You die...

.'................+
##......#..#......#
##................#
#####'#####''#####
##.......##''#
##.......##..##
##.......##...##
##...<...###...##+##..##
##.......# ##[).@......#
##.......# #..###{###...
##.......##..## a..
###########.. ....'
###########.. ...##..
....#..[.###. '### .
))..#!..[# ## ..
)...'.).[# '# )...#!.))#


You could see a soldier ant.

Vanquished Creatures
  A two-headed ogre (D)
  An elephant (D)
  A troll (D)
  A jumping spider (D)
  A wind drake (D)
  A spriggan (D)
  3 floating eyes (D)
  An orc warrior (D)
  An ice beast (D)
  An ogre (D)
  A wolf (D)
  A centaur (D)
  A big kobold (D)
  A quasit (D)
  An orc priest (D)
  3 orc wizards (D)
  A worker ant (D)
  2 adders (D)
  An ooze (D)
  An adder zombie (D)
  3 orcs (D)
  2 ball pythons (D)
  A giant cockroach (D)
  2 goblins (D)
  A frilled lizard (D)
34 creatures vanquished.

Notes
Turn   | Place    | Note
-------+----------+-------------------------------------------
     0 | D        | groucho the Minotaur Fighter began the quest for the Orb.
     0 | D        | Reached XP level 1. HP: 19/19 MP: 0/0
     8 | D        | Noticed a floating eye
    12 | D        | Killed a floating eye
    12 | D        | Reached XP level 2. HP: 31/31 MP: 1/1
    12 | D        | Reached XP level 3. HP: 38/38 MP: 2/2
    12 | D        | Reached XP level 4. HP: 45/45 MP: 3/3
    45 | D        | Found a bloodstained altar of Trog.
    45 | D        | Found a deep blue altar of Sif Muna.
    45 | D        | Found a viscous altar of Jiyva.
    45 | D        | Found a hazy altar of Hepliaklqana.
    45 | D        | Found an opulent altar of Gozag.
    46 | D        | Found a glowing golden altar of the Shining One.
    46 | D        | Found a glowing silver altar of Zin.
    46 | D        | Found a basalt altar of Yredelemnul.
    46 | D        | Found a shimmering altar of Xom.
    46 | D        | Found a sacrificial altar of Ru.
    46 | D        | Found a stormy altar of Qazlal.
    46 | D        | Found an iron altar of Okawaru.
    46 | D        | Found a sparkling altar of Nemelex Xobeh.
    46 | D        | Found a burning altar of Makhleb.
    46 | D        | Found a blossoming altar of Fedhas.
    46 | D        | Found a white marble altar of Elyvilon.
    46 | D        | Found a shadowy altar of Dithmenos.
    46 | D        | Found a snail-covered altar of Cheibriados.
    48 | D        | Found a radiant altar of Vehumet.
    48 | D        | Found a corrupted altar of Lugonu.
    48 | D        | Found a roughly hewn altar of Beogh.
    49 | D        | Found a hide-covered altar of Uskayaw.
    49 | D        | Found an ancient bone altar of Kikubaaqudgha.
    49 | D        | Found a shattered altar of Ashenzari.
    57 | D        | Became a worshipper of Cheibriados the Contemplative
    74 | D        | Reached skill level 1 in Invocations
    81 | D        | Reached * piety under Cheibriados
    81 | D        | Reached skill level 2 in Invocations
    84 | D        | Noticed a floating eye
    85 | D        | Noticed a floating eye
    88 | D        | Paralysed by a floating eye for 3 turns
    91 | D        | Killed a floating eye
    91 | D        | Reached skill level 7 in Invocations
    91 | D        | Reached XP level 5. HP: 49/51 MP: 4/9
    92 | D        | Paralysed by a floating eye for 3 turns
    95 | D        | Killed a floating eye
    95 | D        | Reached ** piety under Cheibriados
    95 | D        | Reached skill level 9 in Invocations
    95 | D        | Reached XP level 6. HP: 57/58 MP: 4/12
   272 | D        | Reached *** piety under Cheibriados
   276 | D        | Reached skill level 10 in Invocations
   347 | D        | Reached **** piety under Cheibriados
   347 | D        | Reached skill level 11 in Invocations
   353 | D        | Reached ***** piety under Cheibriados
   353 | D        | Reached skill level 12 in Invocations
   353 | D        | Reached XP level 7. HP: 34/64 MP: 12/15
   497 | D        | Reached skill level 5 in Axes
   512 | D        | Reached ****** piety under Cheibriados
   519 | D        | Noticed a jumping spider
   519 | D        | Noticed a two-headed ogre
   520 | D        | Killed a jumping spider
   520 | D        | Reached XP level 8. HP: 73/75 MP: 16/16
   523 | D        | Killed a two-headed ogre
   723 | D        | Noticed a troll
   727 | D        | Killed a troll
   727 | D        | Reached skill level 10 in Fighting
   727 | D        | Reached skill level 10 in Armour
   727 | D        | Reached skill level 10 in Shields
   727 | D        | Reached XP level 9. HP: 77/85 MP: 17/17
   734 | D        | Noticed a wind drake
   740 | D        | Noticed an elephant
   740 | D        | Killed a wind drake
   741 | D        | Noticed a vampire knight
   746 | D        | Killed an elephant
   746 | D        | Reached skill level 10 in Axes
   754 | D        | Killed from afar by a vampire knight

Skill      XL: |  1  2  3  4  5  6  7  8  9 |
---------------+----------------------------+-----
Fighting       | 6 8 10 11 | 11.2
Axes           | 4 6 9 10 | 10.2
Armour         | 6 8 10 11 | 11.2
Shields        | 6 8 10 11 | 11.2
Invocations    | 7 9 12 | 12.8

Action                   |  1- 3 |  4- 6 |  7- 9 || total
-------------------------+-------+-------+-------++-------
Melee: War axe           |     3 |       |       ||     3
       Headbutt          |     2 |     6 |    23 ||    31
       Hand axe          |       |    31 |    20 ||    51
       Broad axe         |       |       |    24 ||    24
Invok: Slouch            |       |       |     3 ||     3
Armor: Scale mail        |       |     7 |       ||     7
       Chain mail        |       |     5 |    27 ||    32
Dodge: Dodged            |       |     9 |     6 ||    15
Block: Shield            |       |    19 |    35 ||    54
